 Dungeon Crawl Stone Soup version 0.22.0-38-g04b72b8 (webtiles) character file.

69 yevrey the Skirmisher (level 4, 0/40 HPs)
             Began as a Hill Orc Fighter on Aug 28, 2018.
             Was an Initiate of Beogh.
             Slain by Sigmund
             ... wielding a +0 scythe
              (2 damage)
             ... on level 2 of the Dungeon.
             The game lasted 00:03:04 (955 turns).

yevrey the Skirmisher (Hill Orc Fighter)             Turns: 955, Time: 00:03:06

Health: 0/40       AC:  9    Str: 18    XL:     4   Next: 20%
Magic:  4/4        EV:  7    Int:  8    God:    Beogh [......]
Gold:   92         SH:  9    Dex: 11    Spells: 3/3 levels left

rFire    . . .     SeeInvis .   a - +0 war axe
rCold    . . .     Gourm    .   c - +0 shield
rNeg     . . .     Faith    .   b - +0 scale mail
rPois    .         Spirit   .   (no helmet)
rElec    .         Reflect  .   (no cloak)
rCorr    .         Harm     .   (no gloves)
MR       .....                  l - +1 pair of boots
Stlth    ..........             (no amulet)
HPRegen  0.13/turn              (no ring)
MPRegen  0.09/turn              (no ring)

@: no status effects
A: no striking features
a: Renounce Religion


You were on level 2 of the Dungeon.
You worshipped Beogh.
Beogh was noncommittal.
You were not hungry.

You visited 1 branch of the dungeon, and saw 3 of its levels.

You collected 92 gold pieces.

Inventory:

Hand Weapons
 a - a +0 war axe (weapon)
Missiles
 i - 8 javelins of penetration (quivered)
Armour
 b - a +0 scale mail (worn)
 c - a +0 shield (worn)
 l - a +1 pair of boots (worn)
Scrolls
 h - 3 scrolls of teleportation {unknown}
 j - a scroll of fog {unknown}
 m - a scroll of amnesia {unknown}
 n - a scroll of identify {unknown}
 o - a scroll of remove curse {unknown}
Potions
 d - 2 potions of might
 e - 4 potions of curing {unknown}
 k - a potion of magic {unknown}
Comestibles
 f - 7 rations
 g - a chunk of flesh


   Skills:
 * Level 4.1 Fighting
 + Level 4.1 Axes
 + Level 3.7 Armour
 + Level 3.9 Shields


You had 3 spell levels left.
You didn't know any spells.
Your spell library was empty.

Dungeon Overview and Level Annotations

Branches:
Dungeon (3/15)

Altars:
Cheibriados
Kikubaaqudgha
The Shining One

Annotations:
D:2 Sigmund


Message History

You bump into the rock wall.
You hear some strange, mumbled words.
Something tries to affect you, but you resist.
You bump into the rock wall.
Something hits you.
You miss something. You miss something.
You feel less confused. Something hits you!
You miss something. Something hits you but does no damage.
Your scale mail prevents you from hitting something.
Something hits you.
* * * LOW HITPOINT WARNING * * *
You closely miss something. Something hits you but does no damage.
You closely miss something.
You hear some strange, mumbled words.
A puff of flame appears from out of thin air!
The puff of flame hits you!
* * * LOW HITPOINT WARNING * * *
You hit something. Something hits you.
You die...

#.. ..... #...... #.#
.....##...... ##.#### #..#
........... ......# #..
#.#........ ......# ##
#.####.......... ......# ###_
###.......##...<..
......###.#.####........<.#......
..........#.'...{#......#......##
.....)....#†##..@#......####.....
........#.#_ #...#......# ####..
......_.#.####...#.....## ##
####......###....#......####
##.#..........#......÷..#
#.#...####.........###..# #.#...#
#......#### #..# ##.#...#
#.......# .... ####..#####
#.......# ....#


There were no monsters in sight!

Vanquished Creatures
  An adder (D:2)
  An ooze (D:3)
  A worm (D:2)
  A dart slug (D:1)
  3 leopard geckos
  A giant cockroach (D:1)
  6 hobgoblins (D:1)
  10 jackals
  4 kobolds (D:1)
  4 bats
  A frilled lizard (D:1)
  5 goblins
  4 rats (D:1)
42 creatures vanquished.

Notes
Turn   | Place    | Note
-------+----------+-------------------------------------------
     0 | D:1      | yevrey the Hill Orc Fighter began the quest for the Orb.
     0 | D:1      | Reached XP level 1. HP: 19/19 MP: 1/1
   167 | D:1      | Reached XP level 2. HP: 26/27 MP: 2/2
   264 | D:2      | Reached XP level 3. HP: 28/33 MP: 3/3
   264 | D:2      | Noticed Sigmund
   572 | D:1      | Reached XP level 4. HP: 35/40 MP: 4/4
   822 | D:2      | Found a snail-covered altar of Cheibriados.
   880 | D:3      | Became a worshipper of Beogh the Brigand
   932 | D:2      | Found an ancient bone altar of Kikubaaqudgha.
   932 | D:2      | Found a glowing golden altar of the Shining One.
   954 | D:2      | HP: 2/40 [something/puff of flame (9)]
   955 | D:2      | Slain by Sigmund

Skill      XL: |  1  2  3 |
---------------+----------+-----
Axes           | 3 4 |  4.1
Fighting       | 4 |  4.1
Armour         | |  3.7
Shields        | |  3.9

Action                   |  1- 3 |  4- 6 || total
-------------------------+-------+-------++-------
Melee: War axe           |   100 |    18 ||   118
Invok: Convert to Beogh  |       |     1 ||     1
Armor: Scale mail        |    50 |    10 ||    60
Dodge: Dodged            |    29 |       ||    29
Block: Shield            |    73 |     5 ||    78
